 Dungeon Crawl Stone Soup version 0.31-a0-1620-gcbf77bbcfc (webtiles) character file.

Game seed: 7927110220162447698

2623436 Salticid the Wrestler (level 27, 286/286 HPs)
             Began as a Troll Fighter on Jan 10, 2024.
             Was the Champion of Okawaru.
             Escaped with the Orb
             ... and 4 runes on Jan 11, 2024!
             The game lasted 06:17:37 (60374 turns).

Salticid the Wrestler (Troll Fighter)              Turns: 60374, Time: 06:17:37

Health: 286/286    AC: 47    Str: 56    XL:     27
Magic:  32/32      EV: 10    Int:  4    God:    Okawaru [******]
Gold:   1965       SH: 32    Dex: 11    Spells: 25/28 levels left

rFire   + +          .
                       - Unarmed
rCold   + . .        c - +8 tower shield
rNeg    . . .        V - +9 scales of the Dragon King {rPois rF+ rC+ Will+}
rPois   +            M - +2 hat
rElec   +            H - +2 cloak {Will+}
rCorr   .            (gloves unavailable)
SInv    .            (boots unavailable)
Will    ++++.        m - amulet "Tetatuic" {Reflect Harm ^Fragile +Blink Str+8 SH+5} Stlth
                     Y - ring of the Tortoise {AC+8}
HPRegen 1.47/turn    A - ring "Nama" {rElec Str+6 Dex+4}
MPRegen 0.23/turn

%: harm (+30% outgoing, +20% incoming), reflection
@: studying 3 skills
A: large, unfitting armour, claws 3, regeneration 1, shaggy fur 1, tough skin 1,
iridescent scales 1, clumsy 1, deterioration 1, fire resistance 1
0: Orb of Zot
}: 4/15 runes: decaying, serpentine, slimy, silver
a: Renounce Religion, Evoke Blink, Heroism, Finesse, Duel, Receive Weapon


You escaped.
You worshipped Okawaru.
Okawaru was exalted by your worship.
You visited 12 branches of the dungeon, and saw 56 of its levels.
You visited 2 bazaars.
You also visited: Gauntlet, Ice Cave, Volcano and Wizlab.

You collected 10579 gold pieces.
You spent 8614 gold pieces at shops.

Inventory:

Missiles
 a - 12 darts of dispersal
 d - 39 boomerangs (quivered)
 o - a throwing net
 p - 26 javelins
 s - 24 curare-tipped darts
 z - 19 silver javelins
 S - 124 large rocks
Armour
 c - a +8 tower shield (worn)
 h - the +2 shield of Resistance {rF++ rC++ Will++}
   (You took it off a naga warrior on level 3 of the Snake Pit)

   rF++:      It greatly protects you from fire.
   rC++:      It greatly protects you from cold.
   Will++:    It greatly increases your willpower.
 H - a +2 cloak of willpower (worn)
 M - a +2 hat (worn)
 V - the +9 scales of the Dragon King (worn) {rPois rF+ rC+ Will+}
   (You took it off a yaktaur captain on level 5 of the Vaults)

   rF+:       It protects you from fire.
   rC+:       It protects you from cold.
   rPois:     It protects you from poison Will+: It increases your willpower.
Jewellery
 b - the ring of Bufresh {EV+5 Int+4}
   (You bought it in a shop in a bazaar)

   [ring of evasion]

   EV+5:      It affects your evasion (+5).
   Int+4:     It affects your intelligence (+4).
 m - the amulet "Tetatuic" (around neck) {Reflect Harm ^Fragile +Blink Str+8 SH+5}
   (You acquired it on level 5 of the Pits of Slime)

   [amulet of reflection]

   Reflect:   It reflects blocked missile attacks.
   Str+8:     It affects your strength (+8).
   +Blink:    It lets you blink.
   ^Fragile:  It will be destroyed if unequipped.
   SH+5:      It affects your SH (+5).
   Harm:      It increases damage dealt and taken.
 r - a ring of flight
 t - the ring "Ilabb" {rN+ Will+ Int+4 Dex+3}
   (You found it on level 3 of the Depths)

   [ring of positive energy]

   Int+4:     It affects your intelligence (+4).
   Dex+3:     It affects your dexterity (+3).
   rN+:       It protects you from negative energy.
   Will+:     It increases your willpower.
 A - the ring "Nama" (right claw) {rElec Str+6 Dex+4}
   (You found it in a Gauntlet)

   [ring of strength]

   Str+6:     It affects your strength (+6).
   Dex+4:     It affects your dexterity (+4).
   rElec:     It insulates you from electricity.
 X - the ring of Doubts {rF+ rC+ rN+ SInv}
   (You took it off a guardian mummy on level 3 of the Crypt)

   [ring of positive energy]

   rF+:       It protects you from fire.
   rC+:       It protects you from cold.
   rN+:       It protects you from negative energy.
   SInv:      It lets you see invisible.
 Y - the ring of the Tortoise (left claw) {AC+8}
   (You took it off an ironbound convoker on level 5 of the Vaults)

   [ring of protection]

   AC+8:      It affects your AC (+8).
Talismans
 u - a granite talisman
 K - a dragon-blood talisman
Wands
 v - a wand of digging (37)
 E - a wand of acid (62)
 G - a wand of roots (48)
 N - a wand of mindburst (25)
 Z - a wand of paralysis (31)
Scrolls
 e - 9 scrolls of immolation
 f - 13 scrolls of vulnerability
 k - 14 scrolls of fog
 w - 7 scrolls of torment
 y - 4 scrolls of revelation
 C - 10 scrolls of fear
 D - 10 scrolls of poison
 F - 4 scrolls of blinking
 I - 23 scrolls of teleportation
 T - 4 scrolls of silence
Potions
 g - 21 potions of heal wounds
 i - 10 potions of might
 j - 5 potions of cancellation
 l - 2 potions of invisibility
 n - 30 potions of curing
 x - 5 potions of berserk rage
 B - 7 potions of mutation
 J - 5 potions of haste
 L - 9 potions of attraction
 O - 9 potions of lignification
 P - 8 potions of ambrosia
 U - 8 potions of resistance
 W - 8 potions of enlightenment
Miscellaneous
 q - a lightning rod (4/4)
 Q - a condenser vane
 R - a phial of floods


   Skills:
 + Level 18.9 Fighting
 * Level 20.4 Throwing
 + Level 16.2 Armour
 - Level 12.4 Dodging
 - Level 2.0 Stealth
 - Level 17.0 Shields
 - Level 23.0 Unarmed Combat
 - Level 1.0 Spellcasting
 - Level 5.0 Translocations
 - Level 14.0 Invocations
 - Level 3.0 Evocations
 - Level 20.2 Shapeshifting


You had 25 spell levels left.
You knew the following spells:

 Your Spells              Type           Power      Damage    Failure   Level
a - Blink                 Tloc           8%         N/A       52%         2
b - Apportation           Tloc           8%         N/A       38%         1

Your spell library contained the following spells:

 Spells                   Type           Power      Damage    Failure   Level
 Lesser Beckoning         Tloc           8%         N/A       52%         2
 Gell's Gravitas          Tloc           4%         N/A       77%         3
 Teleport Other           Tloc           4%         N/A       77%         3
 Momentum Strike          Conj/Tloc      4%         3d8       86%         2
 Foxfire                  Conj/Fire      0%         2x1d4     97%         1
 Freeze                   Ice            0%         1d3       97%         1
 Kiss of Death            Conj/Necr      0%         2d5       97%         1
 Magic Dart               Conj           0%         1d3       97%         1
 Necrotise                Necr           0%         1d4       97%         1
 Sandblast                Erth           0%         2d4       97%         1
 Sting                    Conj/Alch      0%         1d3       97%         1
 Volatile Blastmotes      Fire/Tloc      4%         2d10      98%         3
 Ensorcelled Hibernation  Hex/Ice        0%         N/A       99%         2
 Mercury Vapours          Alch/Air       0%         N/A       99%         2
 Scorch                   Fire           0%         2d5       99%         2
 Manifold Assault         Tloc           4%         N/A       99%         4
 Passage of Golubria      Tloc           4%         N/A       99%         4
 Confusing Touch          Hex            0%         N/A       100%        3
 Dazzling Flash           Conj/Hex       0%         N/A       100%        3
 Frozen Ramparts          Ice            0%         1d1       100%        3
 Fugue of the Fallen      Necr           0%         N/A       100%        3
 Hailstorm                Conj/Ice       0%         3d5       100%        3
 Inner Flame              Hex/Fire       0%         N/A       100%        3
 Mephitic Cloud           Conj/Alch/Air  0%         N/A       100%        3
 Ozocubu's Armour         Ice            0%         N/A       100%        3
 Passwall                 Erth           0%         N/A       100%        3
 Sigil of Binding         Hex            0%         N/A       100%        3
 Stone Arrow              Conj/Erth      0%         3d7       100%        3
 Vampiric Draining        Necr           0%         2d6       100%        3
 Anguish                  Hex/Necr       0%         N/A       100%        4
 Brom's Barrelling Bould  Conj/Erth      0%         2d3       100%        4
 Cause Fear               Hex            0%         N/A       100%        4
 Dimensional Bullseye     Hex/Tloc       1%         N/A       100%        4
 Dispel Undead            Necr           0%         3d6       100%        4
 Flame Wave               Conj/Fire      0%         2d4       100%        4
 Fulminant Prism          Conj/Alch      0%         3d5       100%        4
 Ignite Poison            Fire/Alch      0%         N/A       100%        4
 Iskenderun's Mystic Bla  Conj/Tloc      2%         2d3       100%        4
 Leda's Liquefaction      Alch/Erth      0%         N/A       100%        4
 Olgreb's Toxic Radiance  Alch           0%         N/A       100%        4
 Petrify                  Alch/Erth      0%         N/A       100%        4
 Sticky Flame             Fire/Alch      0%         2d4       100%        4
 Vhi's Electric Charge    Tloc/Air       4%         N/A       100%        4
 Arcjolt                  Conj/Air       0%         1d10      100%        5
 Curse of Agony           Necr           0%         N/A       100%        5
 Fireball                 Conj/Fire      0%         3d3       100%        5
 Freezing Cloud           Conj/Ice/Air   0%         6-21      100%        5
 Irradiate                Conj/Alch      0%         3d11      100%        5
 Iskenderun's Battlesphe  Conj           0%         2d6       100%        5
 Lee's Rapid Deconstruct  Erth           0%         3d4*      100%        5
 Metabolic Englaciation   Hex/Ice        0%         N/A       100%        5
 Silence                  Hex/Air        0%         N/A       100%        5
 Conjure Ball Lightning   Conj/Air       0%         3x3d6     100%        6
 Dispersal                Tloc           2%         N/A       100%        6
 Eringya's Noxious Bog    Alch           0%         4d6       100%        6
 Plasma Beam              Fire/Air       0%         2x1d10    100%        6
 Starburst                Conj/Fire      0%         6d3       100%        6
 Enfeeble                 Hex            0%         N/A       100%        7
 Orb of Destruction       Conj           0%         9d5       100%        7
 Borgnjor's Revivificati  Necr           0%         N/A       100%        8
 Discord                  Hex            0%         N/A       100%        8
 Ignition                 Fire           0%         3d3       100%        8
 Lehudib's Crystal Spear  Conj/Erth      0%         10d2      100%        8
 Maxwell's Capacitive Co  Air            0%         ∞         100%        8
 Chain Lightning          Conj/Air       0%         N/A       100%        9
 Death's Door             Necr           0%         N/A       100%        9
 Fire Storm               Conj/Fire      0%         5d1       100%        9
 Shatter                  Erth           0%         3d5*      100%        9
 Summon Small Mammal      Summ           Unusable   N/A       N/A         1
 Call Imp                 Summ           Unusable   N/A       N/A         2
 Call Canine Familiar     Summ           Unusable   N/A       N/A         3
 Summon Ice Beast         Ice/Summ       Unusable   N/A       N/A         3
 Tukima's Dance           Hex            Unusable   N/A       N/A         3
 Animate Armour           Summ/Erth      Unusable   N/A       N/A         4
 Martyr's Knell           Necr/Summ      Unusable   N/A       N/A         4
 Summon Lightning Spire   Summ/Air       Unusable   N/A       N/A         4
 Summon Forest            Summ/Tloc      Unusable   N/A       N/A         5
 Sculpt Simulacrum        Ice/Alch       Unusable   N/A       N/A         6
 Summon Cactus Giant      Summ           Unusable   N/A       N/A         6
 Haunt                    Necr/Summ      Unusable   N/A       N/A         7
 Summon Hydra             Summ           Unusable   N/A       N/A         7
 Dragon's Call            Summ           Unusable   N/A       N/A         9

Dungeon Overview and Level Annotations

Branches:
Dungeon (15/15)            Temple (1/1) D:7            Lair (5/5) D:11
  Swamp (4/4) Lair:2        Snake (4/4) Lair:3        Slime (5/5) Lair:5
    Orc (2/2) D:10            Elf (3/3) Orc:2        Vaults (5/5) D:14
  Crypt (3/3) Vaults:3       Tomb (0/3) Crypt:3      Depths (4/4) D:15
    Zot (5/5) Depths:4      IceCv (visited)         Volcano (visited)
 WizLab (visited)         Gauntlet (visited)

Altars:
Ashenzari
Cheibriados
Dithmenos
Elyvilon
Fedhas
Gozag
Hepliaklqana
Kikubaaqudgha
Makhleb
Nemelex Xobeh
Okawaru
Qazlal
Ru
Sif Muna
Trog
Uskayaw
Vehumet
Wu Jian
Xom
Yredelemnul
Zin
The Shining One

Shops:
D:3 [   D:4 :   Orc:2 :=*[   Elf:1 :   Snake:3 *   Snake:4 (?   Vaults:3 (?*?
Vaults:4 [(   Vaults:5 !?!!!   Depths:1 =:=:   Depths:2 (((   Depths:4 =[(

Portals:
Hell: Lair:5 Depths:1 Depths:2 Depths:3 Depths:4
Abyss: Depths:1 Depths:3
Pandemonium: Depths:2
Ziggurat: Depths:3
Trove: Depths:4 (give +5 fire dragon scales)

Annotations:
D:2 cloud vault
D:10 2 transporters


Innate Abilities, Weirdness & Mutations

You are too large for most types of armour.
You have claws for hands.
Your natural rate of healing is unusually fast.
You are covered in fur. (AC +1)
You have tough skin. (AC +1)
You are partially covered in iridescent scales. (AC +2)
You are clumsy. (Dex -2)
Your body sometimes deteriorates upon taking damage.
Your flesh is heat resistant. (rF+)


Message History

You block Puihywar's attack.
You eviscerate Puihywar!!!
Puihywar is severely wounded.
You block Puihywar's attack.
You claw Puihywar!
Puihywar is almost dead.
You block the soul eater's attack.
You claw Puihywar!
Puihywar is almost dead.
Puihywar punches you but does no damage.
You eviscerate Puihywar!!!
You kill Puihywar!
Okawaru accepts your kill.
The soul eater hits you but does no damage.
You eviscerate the soul eater!!!
You kill the soul eater!
Okawaru accepts your kill.
No target in view!
What level of the Dungeon? (default 1, ? - help)
There is a stone staircase leading up here.
You climb upwards.
There is a stone staircase leading down here.
There is an open door here.
There is a large open door here.
There is a stone staircase leading up here.
You climb upwards.
Level annotation: cloud vault
There is a stone staircase leading down, spattered with blood here.
There is a stone staircase leading up here.
You climb upwards.
There is a stone staircase leading down here.
Aiming: Dig
Press: ? - help, Q - select action, (/) - cycle Shift-Dir - straight line A rock wall.
This square is covered in magical glow.
The rock shatters into small pieces.
There is an escape hatch in the floor here.
There is a staircase leading out of the dungeon here.
There is a staircase leading out of the dungeon here.
You have escaped!

#..............# #......
#..............# #......
#............######......
#........###......#......
##...##### ###....#......
############.....###....
#⌠...⌠.#.##.# #....
#.....##.##.# #....
#.@.>.##....###....
#.....###..#.).....
#⌠...⌠####.#.......
#.####.#..##....... ###
##.####...##..
######....)##
#..........#
##..........##
#.............


There were no monsters in sight!

Vanquished Creatures
  the Royal Jelly (Slime:5)
  Dissolution (Slime:4)
  Frederick (Vaults:5)
  5 orbs of fire (Zot:5)
  Khufu (Crypt:3)
  Mara (Arena)
  Mennas (Crypt:1)
  3 pandemonium lords
  Josephina (Zot:1)
  Boris (twice) (Vaults:5 Zot:5)
  Saint Roka (Vaults:1)
  Vv (Depths:3)
  10 Killer Klowns
  Bai Suzhen (Vaults:2)
  Vashnia (Snake:2)
  A curse toe (Zot:4)
  14 golden dragons
  12 caustic shrikes
  A profane servitor (Crypt:3)
  Nikola (Swamp:1)
  Norris (Depths:2)
  A bone dragon (Crypt:3)
  13 tentacled monstrosities
  4 electric golems
  Rupert (Snake:1)
  Jorgrun (Arena)
  A Tzitzimitl (Zot:5)
  An Ice Fiend (Zot:4)
  A walking earthen tome (WizLab)
  Mlioglotl (Swamp:1)
  A Hell Sentinel (Zot:2)
  26 Orb Guardians
  9 titans
  2 deep elf master archers (Elf:3)
  2 walking divine tomes
  3 liches
  3 quicksilver dragons
  2 walking frostbound tomes
  Asterion (Snake:4)
  6 sphinxes
  2 Executioners
  3 ancient champions
  A deep elf blademaster (Elf:3)
  19 acid blobs
  Agnes (Snake:3)
  10 death cobs
  7 tengu reavers
  17 storm dragons
  7 shadow dragons
  A strange machine (WizLab)
  3 revenants
  Donald (Vaults:1)
  Aizul (Snake:3)
  The ghost of tish the Warrior, a journeyman DrCj of Cheibriados (Snake:2)
  10 azure jellies
  12 rockslimes
  8 protean progenitors
  A fenstrider witch (Swamp:4)
  10 draconian monks
  Roxanne (Elf:1)
  18 fire giants
  A demonspawn warmonger (D:15)
  6 draconian knights
  8 draconian shifters
  11 frost giants
  6 deep elf sorcerers
  10 nagarajas
  14 vault wardens
  Louise (Lair:3)
  20 ghouls
  A ghost moth (Zot:4)
  4 iron dragons
  2 orc warlords
  7 draconian scorchers
  A balrug (Orc:1)
  2 reapers
  5 draconian stormcallers
  2 spriggan defenders (Depths:3)
  2 deep elf elementalists (Elf:3)
  10 quicksilver oozes
  7 draconian annihilators
  10 formless jellyfish
  10 vampire knights
  16 very ugly things
  20 ironbound preservers
  22 stone giants
  A juggernaut skeleton (Crypt:2)
  21 black draconians
  23 green draconians
  7 ironbound thunderhulks
  6 deep elf demonologists
  9 deep elf death magi
  3 eleionomae
  9 dire elephants
  16 purple draconians
  A minotaur (Gauntlet)
  4 war gargoyles
  15 yellow draconians
  A bunyip (Swamp:1)
  30 red draconians
  10 deep elf annihilators
  Azrael (Elf:1)
  2 spark wasps (Depths:3)
  20 white draconians
  A green death (Depths:2)
  20 jiangshi
  17 ettins
  The ghost of Gargoyl the Protected, a journeyman GrBe of Trog (D:13)
  6 eidola
  The ghost of Querens the Blocker, a journeyman FoFi of Makhleb (D:12)
  A merfolk impaler (Depths:1)
  2 mummy priests (Crypt:3)
  10 fire dragons
  2 entropy weavers
  19 yaktaur captains
  A quicksilver dragon zombie (Depths:2)
  12 deep elf high priests
  3 shambling mangroves (Swamp:4)
  5 salamander tyrants
  21 rakshasas
  18 great orbs of eyes
  32 vault guards
  3 peacekeepers
  27 hydras
  5 spriggan air magi
  14 ice dragons
  6 ogre magi
  A ghost crab (Swamp:2)
  3 caustic shrike simulacra (IceCv)
  9 alligators
  4 centaur warriors
  15 naga warriors
  5 merfolk avatars (Swamp:4)
  A radroach (Zot:2)
  8 ironbound frosthearts
  A satyr (shapeshifter) (Depths:1)
  23 two-headed ogres
  5 death knights
  An Orb Guardian zombie (Crypt:2)
  9 anacondas
  2 deep troll earth magi
  2 sphinx skeletons
  5 boulder beetles
  2 deep troll shamans
  9 spriggan berserkers
  4 tengu warriors
  3 vampire magi
  2 orc high priests
  10 shock serpents
  11 death yaks
  Urug (Orc:1)
  19 naga sharpshooters
  42 dancing weapons
  A storm dragon zombie (Crypt:2)
  2 occultists
  2 soul eaters
  A sun demon (Lair:5)
  A shock serpent (shapeshifter) (Vaults:5)
  16 deep elf knights
  7 hell knights
  27 skeletal warriors
  5 salamander mystics
  An anaconda zombie (Crypt:2)
  6 skysharks
  A titan skeleton (Crypt:1)
  12 iron trolls
  A bunyip zombie (Crypt:2)
  A quicksilver dragon simulacrum (Depths:2)
  7 shadow wraiths
  5 goliath frogs
  11 arcanists
  39 deep trolls
  21 mana vipers
  15 swamp dragons
  9 bog bodies
  4 flayed ghosts
  5 sea snakes
  3 orb spiders (Zot:5)
  Pikel (D:9)
  3 spriggan druids
  3 glowing orange brains
  11 naga ritualists
  A storm dragon skeleton (Vaults:3)
  13 deep elf archers
  2 orange crystal statues (IceCv)
  6 lindwurms
  17 harpies
  A bunyip skeleton (Crypt:2)
  8 orc knights
  12 deep elf zephyrmancers
  8 necromancers
  25 deep elf pyromancers
  8 phantasmal warriors
  20 ironbound convokers
  A wolf spider (shapeshifter) (Vaults:5)
  4 shining eyes
  3 will-o-the-wisps
  72 ugly things
  4 orc sorcerers
  An oklob plant (Snake:3)
  A shadow dragon skeleton (Crypt:2)
  Maurice (D:8)
  A fire giant skeleton (Crypt:1)
  16 elephants
  4 manticores
  5 cyclopes
  23 salamanders
  2 stone giant skeletons (Vaults:3)
  53 black mambas
  A jorogumo skeleton (Crypt:2)
  30 moths of wrath
  A large abomination (Crypt:3)
  6 kobold blastminers
  4 human skeletons
  A torpor snail (shapeshifter) (Vaults:5)
  A toenail golem (Zot:5)
  15 naga magi
  13 guardian serpents
  A spectral centaur (D:12)
  16 vault sentinels
  6 eyes of devastation
  3 molten gargoyles (Volcano)
  A storm dragon simulacrum (Zot:1)
  Joseph (D:9)
  A smoke demon (Lair:5)
  A gargoyle (Volcano)
  7 orange demons
  2 centaur zombies
  2 unseen horrors
  A torpor snail (Lair:5)
  9 cane toads
  A red draconian zombie (Crypt:1)
  A centaur skeleton (Crypt:2)
  A mana viper skeleton (Crypt:2)
  9 rime drakes
  4 komodo dragons
  5 kobold demonologists
  11 freezing wraiths
  2 golden dragon simulacra (IceCv)
  24 yaktaurs
  4 efreet
  A death yak zombie (Crypt:1)
  A redback zombie (D:12)
  An ice devil (Lair:5)
  2 anaconda simulacra (IceCv)
  8 guardian mummies
  2 yaktaur skeletons (Vaults:3)
  A ghost moth simulacrum (Zot:1)
  4 tengu conjurers
  A red draconian skeleton (Crypt:2)
  16 trolls
  A bunyip simulacrum (Crypt:3)
  2 elf skeletons (Vaults:3)
  8 tyrant leeches
  A death drake zombie (Crypt:1)
  A queen bee (Lair:2)
  2 trolls (shapeshifter)
  2 bloated husks (Swamp:2)
  3 alligator simulacra (IceCv)
  A hellwing (D:6)
  A moth of wrath zombie (Crypt:2)
  9 hornets
  2 tarantellas
  A polar bear (Lair:5)
  A raiju (Gauntlet)
  3 glass eyes
  3 blink frogs (Lair:3)
  2 snapping turtles (shapeshifter) (Vaults:5)
  4 dream sheep (Lair:5)
  A spectral black mamba (Crypt:3)
  119 slime creatures
  2 air elementals (Elf:1)
  A dire elephant simulacrum (IceCv)
  8 spriggans
  112 yaks
  2 ynoxinuls
  6 shadows
  A culicivora (Vaults:5)
  10 water elementals
  6 wraiths
  2 wyverns
  14 golden eyes
  2 wargs
  Grum (D:9)
  24 fire elementals
  11 vampire mosquitoes
  6 basilisks
  2 black mamba skeletons
  2 steam dragons
  3 redbacks
  A neqoxec (Gauntlet)
  A chaos spawn (Gauntlet)
  19 swamp worms
  A naga zombie (Crypt:3)
  49 nagas
  19 water moccasins
  2 harpy simulacra
  A hydra simulacrum (IceCv)
  A two-headed ogre zombie (Crypt:1)
  A cane toad skeleton (Crypt:1)
  7 hell hounds
  2 moth of wrath simulacra (Zot:1)
  21 orc warriors
  4 ice beasts (D:11)
  A meliai simulacrum (D:12)
  4 swamp drakes (Swamp:4)
  A sky beast (D:7)
  5 black bears
  2 ettin simulacra (IceCv)
  3 small abominations (Crypt:3)
  37 laughing skulls
  4 centaurs
  4 boggarts (Vaults:2)
  38 ogres
  A torpor snail zombie (Crypt:2)
  15 wolves
  4 lemures
  A phantom (D:6)
  2 weeping skulls
  9 kobold brigands
  12 necrophages
  13 bullfrogs
  4 earth elementals
  2 gnoll sergeants
  A scorpion (D:6)
  8 wights
  4 burial acolytes (Crypt:3)
  2 lindwurm simulacra (IceCv)
  23 killer bees
  A yak skeleton (Crypt:2)
  8 howler monkeys
  7 electric eels
  2 jellies
  20 orc priests
  8 hounds
  2 sleepcaps (D:5)
  5 iguanas
  18 orc wizards
  2 hell rats (Lair:3)
  8 adders
  30 gnolls
  9 river rats (Lair:3)
  2 shadow imps (D:6)
  4 white imps
  4 ufetubi (D:5)
  4 ribbon worms
  78 orcs
  10 endoplasms
  5 giant cockroaches
  5 goblins
  8 hobgoblins
  6 jackals
  10 kobolds
  5 quokkas
  11 ball pythons
  7 bats
  6 frilled lizards
  4 rats
  A spectral orc (D:14)
  An aspiring flesh (Zot:2)
  2 spectral weapons (Snake:4)
2834 creatures vanquished.

Vanquished Creatures (others)
  A fenstrider witch (Swamp:1)
  A vampire knight (Depths:2)
  A deep elf zephyrmancer (Elf:2)
  2 bloated husks
  A killer bee (Lair:2)
  2 orcs
  3 foxfires
11 creatures vanquished.

Grand Total: 2845 creatures vanquished

Notes
Turn   | Place    | Note
-------+----------+-------------------------------------------
     0 | D:1      | Salticid the Troll Fighter began the quest for the Orb.
     0 | D:1      | Reached XP level 1. HP: 22/22 MP: 0/0
    53 | D:1      | Reached XP level 2. HP: 26/29 MP: 1/1
    73 | D:1      | Reached skill level 3 in Unarmed Combat
   190 | D:1      | Reached XP level 3. HP: 36/36 MP: 2/2
   600 | D:2      | Reached skill level 4 in Unarmed Combat
   695 | D:2      | Found a faded altar of an unknown god.
   785 | D:2      | Reached skill level 1 in Shapeshifting
   786 | D:2      | Reached XP level 4. HP: 32/44 MP: 3/3
   858 | D:2      | Identified the +10 sling "Rics" {drain, rCorr}
  1070 | D:2      | Identified the amulet "Pairch" {Spirit Dex+3}
  1115 | D:2      | Reached XP level 5. HP: 35/50 MP: 4/4
  1396 | D:3      | Found Osko's Antique Armour Emporium.
  1521 | D:2      | Reached skill level 5 in Unarmed Combat
  2066 | D:3      | Found the amulet of Elemental Vulnerability {rPois rF--
                  | rC-- AC+8}
  2351 | D:3      | Noticed a black bear
  2430 | D:3      | Killed a black bear
  2431 | D:3      | Reached skill level 6 in Unarmed Combat
  2431 | D:3      | Reached XP level 6. HP: 59/59 MP: 5/5
  2691 | D:4      | Found Tuorreff's Book Shoppe.
  3191 | D:5      | Entered Level 5 of the Dungeon
  3427 | D:5      | Found a broken altar of Ashenzari.
  3494 | D:5      | Reached XP level 7. HP: 66/66 MP: 6/6
  3946 | D:5      | Reached skill level 7 in Unarmed Combat
  4163 | D:6      | Reached XP level 8. HP: 75/75 MP: 7/7
  4307 | D:6      | Reached skill level 5 in Shields
  4379 | D:6      | Reached skill level 8 in Unarmed Combat
  4927 | D:7      | Reached skill level 1 in Throwing
  4995 | D:7      | Reached XP level 9. HP: 83/83 MP: 8/8
  5002 | D:7      | Reached skill level 9 in Unarmed Combat
  5158 | D:7      | Found a staircase to the Ecumenical Temple.
  5233 | Temple   | Entered the Ecumenical Temple
  5238 | Temple   | Became a worshipper of Warmaster Okawaru
  5254 | D:7      | Found a shimmering altar of Xom.
  5659 | D:8      | Noticed Maurice
  5797 | D:8      | Killed Maurice
  5797 | D:8      | Reached * piety under Okawaru
  5834 | D:7      | Reached XP level 10. HP: 26/94 MP: 9/9
  5910 | D:7      | Reached ** piety under Okawaru
  5971 | D:8      | Noticed a two-headed ogre
  5992 | D:7      | Reached skill level 5 in Fighting
  5992 | D:7      | Reached skill level 5 in Dodging
  5992 | D:7      | Reached skill level 10 in Unarmed Combat
  6039 | D:7      | Reached *** piety under Okawaru
  6103 | D:8      | Killed a two-headed ogre
  6145 | D:8      | Reached skill level 1 in Invocations
  6212 | D:8      | Found a hide-covered altar of Uskayaw.
  6542 | D:9      | Noticed Pikel
  6570 | D:9      | Killed Pikel
  6654 | D:9      | Reached **** piety under Okawaru
  6814 | D:9      | Reached XP level 11. HP: 96/104 MP: 13/13
  6911 | D:9      | Reached skill level 5 in Invocations
  6999 | D:9      | Noticed Grum
  7018 | D:9      | Killed Grum
  7178 | D:9      | Noticed Joseph
  7190 | D:9      | Killed Joseph
  7207 | D:10     | Entered Level 10 of the Dungeon
  7232 | D:10     | Noticed an orc sorcerer
  7232 | D:10     | Noticed a fire dragon
  7235 | D:10     | Found a transporter.
  7235 | D:10     | Noticed a purple ugly thing
  7235 | D:10     | Noticed a five-headed hydra
  7236 | D:10     | Noticed a deep elf pyromancer
  7242 | D:10     | Found a transporter.
  7302 | D:10     | Found a staircase to the Orcish Mines.
  7538 | D:10     | Reached ***** piety under Okawaru
  7551 | D:10     | Reached skill level 11 in Unarmed Combat
  7983 | D:11     | Noticed a two-headed ogre
  7994 | D:10     | Killed a two-headed ogre
  8089 | D:11     | Found a staircase to the Lair.
  8094 | D:11     | Received a gift from Okawaru
  8143 | D:11     | Noticed a two-headed ogre
  8147 | D:11     | Killed a two-headed ogre
  8189 | D:11     | Noticed a boulder beetle
  8218 | Lair:1   | Entered Level 1 of the Lair of Beasts
  8227 | Lair:1   | Reached XP level 12. HP: 75/114 MP: 15/15
  8238 | Lair:1   | Reached skill level 1 in Evocations
  8558 | Lair:1   | Received a gift from Okawaru
  8652 | Lair:1   | Noticed a four-headed hydra
  8663 | Lair:1   | Killed an eight-headed hydra
  8664 | Lair:1   | Reached skill level 5 in Throwing
  8956 | Lair:1   | You fall into a shaft and drop 1 floor!
  9370 | Lair:2   | Reached skill level 12 in Unarmed Combat
  9414 | Lair:2   | Found a staircase to the Swamp.
  9441 | Lair:2   | Received a gift from Okawaru
 10272 | Lair:3   | Found a gate leading to a gauntlet.
 10281 | Gauntlet | Entered a Gauntlet
 10281 | Gauntlet | Noticed a blizzard demon
 10281 | Gauntlet | Found a transporter.
 10281 | Gauntlet | Found a transporter.
 10281 | Gauntlet | Found a transporter.
 10302 | Gauntlet | Found a transporter.
 10316 | Gauntlet | Found a transporter.
 10350 | Gauntlet | Found a transporter.
 10358 | Gauntlet | Found a transporter.
 10363 | Gauntlet | Found a transporter.
 10364 | Gauntlet | Found a transporter.
 10384 | Gauntlet | Found a transporter.
 10405 | Gauntlet | Found a transporter.
 10431 | Gauntlet | Found a transporter.
 10511 | Gauntlet | Gained mutation: Your health recovers twice as slowly from
                  | being drained. [a neqoxec]
 10614 | Gauntlet | Identified the ring "Nama" {rElec Str+6 Dex+4}
 10638 | Gauntlet | Noticed a minotaur
 10647 | Gauntlet | Killed a minotaur
 10661 | Gauntlet | Identified the ring of the Imp {Wiz Will+ Str-3 Int+2
                  | Dex+3}
 10770 | Lair:3   | Found a transporter.
 10772 | Lair:3   | Received a gift from Okawaru
 10804 | Lair:3   | Noticed a seven-headed hydra
 10823 | Lair:3   | Reached XP level 13. HP: 123/123 MP: 17/17
 10870 | Lair:3   | Received a gift from Okawaru
 10871 | Lair:3   | Reached skill level 13 in Unarmed Combat
 10922 | Lair:3   | Found a transporter.
 11335 | Lair:3   | Found a staircase to the Snake Pit.
 12270 | Lair:4   | Received a gift from Okawaru
 12302 | Lair:4   | Reached ****** piety under Okawaru
 12313 | Lair:4   | Reached skill level 5 in Shapeshifting
 12334 | Lair:4   | Acquired a +1 cloak of willpower
 12334 | Lair:4   | Received a gift from Okawaru
 12375 | Lair:4   | Reached XP level 14. HP: 89/135 MP: 18/18
 12457 | Lair:4   | Received a gift from Okawaru
 12534 | Lair:4   | Identified the +15 crystal plate armour "Vuozocso" {Will-
                  | Int+6}
 12882 | Lair:5   | Entered Level 5 of the Lair of Beasts
 12895 | Lair:5   | Reached skill level 1 in Armour
 13224 | Lair:5   | Reached skill level 5 in Armour
 13260 | Lair:5   | Received a gift from Okawaru
 13444 | Lair:5   | Reached skill level 10 in Shields
 13565 | Lair:5   | Found a burning altar of Makhleb.
 13785 | Lair:5   | Found a gateway to Hell.
 13796 | Lair:5   | Identified the +2 robe "Piry" {Will- MP+9 Str+6}
 13888 | Lair:5   | Received a gift from Okawaru
 13902 | Lair:5   | Found a staircase to the Slime Pits.
 14825 | Orc:1    | Entered Level 1 of the Orcish Mines
 14943 | Orc:2    | Entered Level 2 of the Orcish Mines
 15072 | Orc:2    | Reached skill level 14 in Unarmed Combat
 15108 | Orc:2    | Found a dark tunnel.
 15134 | Volcano  | Entered a volcano
 15367 | Volcano  | Noticed an orb of fire
 15442 | Volcano  | Noticed an orb of fire
 15589 | Orc:2    | Received a gift from Okawaru
 15618 | Orc:2    | Reached XP level 15. HP: 129/145 MP: 20/20
 15733 | Orc:2    | Received a gift from Okawaru
 15770 | Orc:2    | Found Lizokano's Assorted Antiques.
 15770 | Orc:2    | Found Eronuamiw's Book Shoppe.
 15770 | Orc:2    | Found Fewa's Armour Emporium.
 15770 | Orc:2    | Found Attes's Jewellery Boutique.
 15918 | Orc:2    | Found a staircase to the Elven Halls.
 16281 | Orc:1    | Found a runed translucent door.
 16581 | Orc:1    | Noticed Urug
 16589 | Orc:1    | Killed Urug
 17431 | D:12     | Noticed Querens's ghost (journeyman FoFi)
 17432 | D:12     | Found a transporter.
 17789 | D:12     | Found a transporter.
 18024 | D:12     | Killed Querens's ghost
 18024 | D:12     | Received a gift from Okawaru
 18035 | D:12     | Reached skill level 15 in Unarmed Combat
 18433 | D:13     | Found a runed translucent gate.
 18434 | D:13     | Noticed Gargoyl's ghost (journeyman GrBe)
 18635 | D:13     | Found a runed translucent gate.
 18635 | D:13     | Found a runed translucent gate.
 18793 | D:13     | Killed Gargoyl's ghost
 18794 | D:13     | Received a gift from Okawaru
 18987 | D:14     | Found a gate to the Vaults.
 19146 | D:14     | Reached XP level 16. HP: 141/156 MP: 22/22
 19160 | D:14     | Received a gift from Okawaru
 19626 | D:14     | Found a sacrificial altar of Ru.
 19667 | D:14     | Found a basalt altar of Yredelemnul.
 19733 | D:15     | Entered Level 15 of the Dungeon
 19739 | D:15     | Found a shadowy altar of Dithmenos.
 20007 | D:15     | Received a gift from Okawaru
 20177 | D:15     | Found a staircase to the Depths.
 20554 | Swamp:1  | Entered Level 1 of the Swamp
 20559 | Swamp:1  | Reached skill level 16 in Unarmed Combat
 20568 | Swamp:1  | Noticed Jorgrun
 20591 | Arena    | Entered the Arena
 20592 | Arena    | Killed Jorgrun
 20719 | Swamp:1  | Reached skill level 10 in Invocations
 20721 | Swamp:1  | Noticed Mlioglotl
 20726 | Swamp:1  | Killed Mlioglotl
 20767 | Swamp:1  | Received a gift from Okawaru
 20828 | Swamp:1  | Noticed Nikola
 20844 | Swamp:1  | Killed Nikola
 20845 | Swamp:1  | Reached skill level 10 in Throwing
 20878 | Swamp:1  | Found a glacial archway.
 20929 | IceCv    | Entered an ice cave
 20936 | IceCv    | Reached skill level 10 in Fighting
 21104 | IceCv    | Received a gift from Okawaru
 22113 | Swamp:3  | Received a gift from Okawaru
 22122 | Swamp:3  | Reached skill level 10 in Dodging
 22122 | Swamp:3  | Reached XP level 17. HP: 160/166 MP: 23/23
 22756 | Swamp:4  | Entered Level 4 of the Swamp
 22852 | Swamp:4  | Reached skill level 17 in Unarmed Combat
 23154 | Swamp:4  | Received a gift from Okawaru
 23185 | Arena    | Entered the Arena
 23345 | Swamp:4  | Paralysed by a fenstrider witch for 4 turns
 23483 | Swamp:4  | Paralysed by a hornet for 1 turns
 23608 | Swamp:4  | HP: 11/250 [swamp dragon (12)]
 23772 | Swamp:4  | Got a decaying rune of Zot
 23975 | Swamp:4  | Identified the +8 great sword of Subjectivity {drain, *Slow
                  | rC+ Will+ Stlth+}
 24317 | Snake:1  | Entered Level 1 of the Snake Pit
 24317 | Snake:1  | Noticed Louise
 24326 | Lair:3   | Killed Louise
 24386 | Arena    | Entered the Arena
 24740 | Snake:1  | Received a gift from Okawaru
 25047 | Snake:1  | Noticed Rupert
 25052 | Snake:1  | Killed Rupert
 25053 | Snake:1  | Reached XP level 18. HP: 173/176 MP: 22/25
 25260 | Snake:2  | Received a gift from Okawaru
 25635 | Snake:2  | Reached skill level 18 in Unarmed Combat
 25682 | Snake:2  | Noticed Vashnia
 25697 | Snake:2  | Found a runed translucent door.
 25697 | Snake:2  | Noticed tish's ghost (journeyman DrCj)
 25944 | Snake:2  | Killed Vashnia
 26076 | Snake:2  | Received a gift from Okawaru
 26215 | Snake:2  | Killed tish's ghost
 26318 | Snake:3  | Found Mumilui's Mass Market.
 26765 | Snake:3  | Noticed Agnes
 26789 | Snake:3  | Killed Agnes
 26845 | Snake:3  | Found a radiant altar of Vehumet.
 26911 | Snake:3  | Received a gift from Okawaru
 27189 | Snake:4  | Entered Level 4 of the Snake Pit
 27195 | Snake:4  | Noticed Mara
 27197 | Arena    | Entered the Arena
 27206 | Arena    | Noticed Salticid's illusion
 27209 | Arena    | Killed Mara
 27492 | Snake:4  | Reached XP level 19. HP: 117/187 MP: 26/26
 27801 | Snake:4  | Found Ecsutoke's Weapon Shop.
 27807 | Snake:4  | Found Dirugiz's Magic Scroll Shop.
 27813 | Snake:4  | Noticed Asterion
 27836 | Snake:4  | Killed Asterion
 27847 | Snake:4  | Bought a scroll of blinking for 97 gold pieces
 27847 | Snake:4  | Bought a scroll of teleportation for 39 gold pieces
 28074 | Snake:4  | Identified the serpent talisman "Hexoplo" {rElec rC- MP+9
                  | Str+5}
 28074 | Snake:4  | Noticed Aizul
 28103 | Snake:3  | Killed Aizul
 28103 | Snake:3  | Received a gift from Okawaru
 28771 | Snake:4  | Got a serpentine rune of Zot
 29187 | Elf:1    | Entered Level 1 of the Elven Halls
 29436 | Elf:1    | Noticed Roxanne
 29442 | Elf:1    | Found Veul's Book Boutique.
 29784 | Elf:1    | Found the +3 robe of Clouds {*Thunder rCloud rElec}
 29793 | Elf:1    | Paralysed by an air elemental for 1 turns
 29797 | Elf:1    | Paralysed by an air elemental for 1 turns
 29812 | Elf:1    | Killed Roxanne
 30303 | Elf:1    | Noticed Azrael
 30310 | Elf:1    | Killed Azrael
 30463 | Elf:1    | Received a gift from Okawaru
 30593 | Elf:1    | Reached skill level 10 in Shapeshifting
 31165 | Elf:2    | Found a runed translucent gate.
 31165 | Elf:2    | Found a runed translucent gate.
 31165 | Elf:2    | Found a runed translucent gate.
 31432 | Elf:2    | Received a gift from Okawaru
 31501 | Elf:2    | Reached XP level 20. HP: 178/196 MP: 23/27
 31872 | Elf:3    | Entered Level 3 of the Elven Halls
 32384 | Elf:3    | Found an ancient bone altar of Kikubaaqudgha.
 32448 | Elf:3    | Received a gift from Okawaru
 32488 | Elf:3    | Received a gift from Okawaru
 32596 | Elf:3    | Identified the ring "Wepsoon" {Wiz Str+3 Int+3}
 32610 | Elf:3    | Identified the +0 robe of Jaecript {Str-2 Int+2 Archmagi}
 32744 | Elf:3    | Found the +8 pair of quick blades "Gyre" and "Gimble"
                  | {protect}
 32749 | Elf:3    | Identified the amulet of Sysim {rF+ Regen+ Stlth+}
 32768 | Elf:3    | Identified the staff "Waeluth" {Fly rN+ Int+3 Dex+3 Conj}
 33272 | Vaults:1 | Entered Level 1 of the Vaults
 33501 | Vaults:1 | Reached skill level 15 in Shapeshifting
 33502 | Vaults:1 | Noticed Donald
 33522 | Vaults:1 | Killed Donald
 33817 | Vaults:1 | Received a gift from Okawaru
 34124 | Vaults:1 | Noticed Saint Roka
 34160 | Vaults:1 | Killed Saint Roka
 34882 | Vaults:1 | Reached skill level 19 in Unarmed Combat
 35021 | Vaults:1 | Found a transporter.
 35021 | Vaults:1 | Found Aqoabb's Distillery.
 35098 | Vaults:1 | Reached XP level 21. HP: 204/204 MP: 26/28
 35163 | Vaults:1 | Identified the +3 ring mail of Conscience {Rampage rElec
                  | rPois}
 35202 | Vaults:1 | Received a gift from Okawaru
 35203 | Vaults:1 | Reached skill level 1 in Stealth
 35239 | Vaults:1 | Found a transporter.
 35502 | Vaults:1 | Bought a potion of heal wounds for 70 gold pieces
 35502 | Vaults:1 | Bought a potion of mutation for 112 gold pieces
 35502 | Vaults:1 | Bought a potion of enlightenment for 70 gold pieces
 35502 | Vaults:1 | Bought a potion of might for 56 gold pieces
 35502 | Vaults:1 | Bought a potion of heal wounds for 70 gold pieces
 35502 | Vaults:1 | Bought a potion of heal wounds for 70 gold pieces
 35502 | Vaults:1 | Bought a potion of lignification for 42 gold pieces
 35620 | Vaults:2 | Identified the +1 robe of Sassoetu {rF+ rC+}
 35769 | Vaults:2 | Noticed Bai Suzhen
 35775 | Vaults:2 | Killed Bai Suzhen
 35875 | Vaults:2 | Received a gift from Okawaru
 36145 | Vaults:2 | Identified the ring of Jealousy {Int+6 Dex+3}
 36147 | Vaults:2 | Identified the +12 quarterstaff "Gaafynon" {venom, rF-
                  | Str+2 SInv}
 36152 | Vaults:2 | Got the Papyrus of Flamy Rallying
 36568 | Vaults:3 | Found Gyodyny's General Store.
 36584 | Vaults:3 | Bought a scroll of enchant armour for 165 gold pieces
 36584 | Vaults:3 | Bought a scroll of fog for 88 gold pieces
 36584 | Vaults:3 | Bought a lightning rod (4/4) for 880 gold pieces
 36777 | Vaults:3 | Received a gift from Okawaru
 36942 | Vaults:3 | Found a staircase to the Crypt.
 37052 | Vaults:3 | Found Catau's Antique Weapon Shoppe.
 37082 | Vaults:3 | Found Hoppouc's Magic Scroll Boutique.
 37088 | Vaults:3 | Bought a scroll of silence for 161 gold pieces
 37191 | Vaults:3 | Found Aguva's Magic Scroll Boutique.
 37283 | Arena    | Entered the Arena
 37287 | Arena    | Reached skill level 20 in Unarmed Combat
 37458 | Vaults:3 | Received a gift from Okawaru
 37691 | Vaults:4 | Identified the +4 whip "Qyusie" {spect, *Rage rElec rPois
                  | Dex+3}
 37704 | Vaults:4 | Found Siofustipn's Weapon Emporium.
 37744 | Vaults:4 | Found Zyacrar's Armour Emporium.
 37901 | Vaults:4 | Found a flickering gateway to a bazaar.
 37910 | Bazaar   | Entered a bazaar
 37910 | Bazaar   | Found Muiduj's Antique Weapon Shop.
 37910 | Bazaar   | Found Omixt's Assorted Antiques.
 37910 | Bazaar   | Found Lash's Magic Scroll Boutique.
 37910 | Bazaar   | Found Gigupi's Weapon Shop.
 37933 | Bazaar   | Bought a scintillating glass ring for 160 gold pieces
 37933 | Bazaar   | Identified the ring of Nyceopeco {Ice ^Drain Str+3 Int+2}
                  | (You bought it in a shop in a bazaar)
 37933 | Bazaar   | Bought a clouded pewter ring for 160 gold pieces
 37933 | Bazaar   | Identified the ring of Bufresh {EV+5 Int+4} (You bought it
                  | in a shop in a bazaar)
 37939 | Bazaar   | Bought a scroll of immolation for 72 gold pieces
 37939 | Bazaar   | Bought a scroll of teleportation for 54 gold pieces
 37939 | Bazaar   | Bought a scroll of silence for 171 gold pieces
 38060 | Vaults:4 | Reached XP level 22. HP: 217/217 MP: 29/29
 38490 | Vaults:4 | Received a gift from Okawaru
 38584 | Crypt:1  | Entered Level 1 of the Crypt
 38645 | Crypt:1  | Found a magical portal.
 38656 | WizLab   | Entered Tukima's Studio
 38745 | WizLab   | Identified the +1 triple crossbow "Vidun" {penet, ^Contam
                  | Int+4 SInv}
 38749 | WizLab   | Identified the +1 triple crossbow "Vidun" {penet, ^Contam
                  | Int+4 SInv}
 38837 | WizLab   | Noticed Salticid's illusion
 38872 | WizLab   | Got the Anthology of Bad Luck
 39114 | Crypt:1  | Noticed Mennas
 39344 | Crypt:1  | Killed Mennas
 39781 | Crypt:2  | Received a gift from Okawaru
 39943 | Crypt:2  | Reached skill level 21 in Unarmed Combat
 40283 | Crypt:2  | Received a gift from Okawaru
 40686 | Crypt:3  | Entered Level 3 of the Crypt
 40787 | Crypt:3  | Found a basalt altar of Yredelemnul.
 41024 | Crypt:3  | Identified the ring "Filad" {rPois Will- Int+4 SInv}
 41027 | Crypt:3  | Reached XP level 23. HP: 227/227 MP: 30/30
 41204 | Crypt:3  | Received a gift from Okawaru
 41490 | Crypt:3  | Found a staircase to the Tomb.
 41490 | Crypt:3  | Noticed Khufu
 41492 | Crypt:3  | Identified the ring of Doubts {rF+ rC+ rN+ SInv}
 41499 | Crypt:3  | Killed Khufu
 41553 | Crypt:3  | Identified the amulet of Buxan {-Tele Harm Regen+ Int+7}
 41553 | Crypt:3  | Identified the ring "Koann" {rN+ Will- Dex+4 Slay+2}
 41604 | Crypt:3  | Reached skill level 15 in Shields
 41667 | Crypt:3  | Identified the +5 spear "Momuh" {flame, *Slow rN+ Str+5
                  | Dex+4}
 42111 | Depths:1 | Entered Level 1 of the Depths
 42125 | Depths:1 | Reached skill level 22 in Unarmed Combat
 42427 | Depths:1 | Found an ancient bone altar of Kikubaaqudgha.
 42503 | Depths:1 | Found a one-way gate to the infinite horrors of the Abyss.
 42513 | Depths:1 | Found Vuchal's Jewellery Shop.
 42724 | Depths:1 | Found Himaent's Book Boutique.
 42724 | Depths:1 | Found Nylaent's Jewellery Shoppe.
 42725 | Depths:1 | Found Nuwaitur's Book Boutique.
 43345 | Depths:2 | Noticed Norris
 43345 | Depths:2 | Found Rawe's Weapon Shoppe.
 43353 | Depths:2 | Killed Norris
 43430 | Depths:2 | Received a gift from Okawaru
 43435 | Depths:2 | Found Jiprykh's Antique Weapon Shop.
 43482 | Depths:2 | Found a one-way gate leading to the halls of Pandemonium.
 43488 | Depths:2 | Noticed a caustic shrike
 43488 | Depths:2 | Noticed a caustic shrike
 43489 | Depths:2 | Noticed a caustic shrike
 43491 | Depths:2 | Noticed a caustic shrike
 43493 | Depths:2 | Noticed a caustic shrike
 43494 | Depths:2 | Killed a caustic shrike
 43496 | Depths:2 | Killed a caustic shrike
 43497 | Depths:2 | Killed a caustic shrike
 43501 | Depths:2 | Killed a caustic shrike
 43504 | Depths:2 | Killed a caustic shrike
 43536 | Depths:2 | Found a flickering gateway to a bazaar.
 43550 | Bazaar   | Entered a bazaar
 43554 | Bazaar   | Found Lamaruu's Jewellery Boutique.
 43558 | Bazaar   | Found Edduwinu's Armour Boutique.
 43558 | Bazaar   | Found Maenehow's Antique Armour Boutique.
 43559 | Bazaar   | Found Foghav's Distillery.
 43564 | Bazaar   | Bought a potion of heal wounds for 75 gold pieces
 43564 | Bazaar   | Bought a potion of ambrosia for 120 gold pieces
 43592 | Bazaar   | Bought the death talisman of Lust {Int-2 Dex+5 SInv} for
                  | 2502 gold pieces
 43634 | Depths:2 | Found Betocuod's Weapon Shop.
 44253 | Depths:2 | Received a gift from Okawaru
 44282 | Depths:2 | Noticed a caustic shrike
 44328 | Depths:2 | Killed a caustic shrike
 44448 | Depths:2 | Reached skill level 23 in Unarmed Combat
 44593 | Depths:2 | Noticed a caustic shrike
 44602 | Depths:2 | Killed a caustic shrike
 44754 | Depths:3 | Received a gift from Okawaru
 44770 | Depths:3 | Reached XP level 24. HP: 241/241 MP: 30/30
 44877 | Depths:3 | Found a one-way gateway to a ziggurat.
 44890 | Depths:3 | Noticed Vv
 44903 | Depths:3 | Killed Vv
 45147 | Vaults:3 | Bought a wand of digging (7) for 646 gold pieces
 45454 | Depths:3 | Identified the ring "Ilabb" {rN+ Will+ Int+4 Dex+3}
 45744 | Depths:3 | Received a gift from Okawaru
 45766 | Depths:3 | Reached skill level 15 in Fighting
 46639 | Depths:4 | Entered Level 4 of the Depths
 46645 | Depths:4 | Found Xischuag's Antique Weapon Boutique.
 46730 | Depths:4 | Found Fyriar's Jewellery Shoppe.
 46769 | Depths:4 | Found Archesow's Antique Armour Boutique.
 46799 | Arena    | Entered the Arena
 46831 | Depths:4 | Received a gift from Okawaru
 46973 | Depths:4 | Found Hufet's Magic Scroll Shoppe.
 47182 | Depths:4 | Identified the +5 flail of Discord {freeze, rN+}
 47267 | Depths:4 | Found a gate to the Realm of Zot.
 47269 | Depths:4 | Reached skill level 15 in Throwing
 47331 | Depths:4 | Reached XP level 25. HP: 253/253 MP: 30/31
 47468 | Depths:4 | Found a portal to a secret trove of treasure.
 47665 | Depths:4 | Received a gift from Okawaru
 48289 | Slime:1  | Entered Level 1 of the Pits of Slime
 48359 | Slime:1  | You fall into a shaft and drop 1 floor!
 49290 | Slime:2  | Received a gift from Okawaru
 49731 | Slime:4  | Noticed Dissolution
 49736 | Slime:4  | Killed Dissolution
 49857 | Slime:5  | Entered Level 5 of the Pits of Slime
 49960 | Slime:5  | Noticed the Royal Jelly
 49967 | Slime:5  | Killed the Royal Jelly
 49969 | Slime:5  | Received a gift from Okawaru
 50293 | Slime:5  | Identified a scroll of acquirement
 50322 | Slime:5  | Identified the +7 plate armour of Death's Door {rPois
                  | Will+}
 50326 | Slime:5  | Learned a level 2 spell: Blink
 50328 | Slime:5  | Learned a level 1 spell: Apportation
 50329 | Slime:5  | Acquired the amulet "Tetatuic" {Reflect Harm ^Fragile
                  | +Blink Str+8 SH+5}
 50423 | Slime:5  | Got the Omnibus of Hoarfrost
 50477 | Slime:5  | Got a slimy rune of Zot
 50492 | Slime:5  | Identified the staff "Jikoarekom" {rElec rCorr Air}
 50550 | Slime:5  | Reached skill level 1 in Translocations
 51443 | Vaults:3 | Bought a scroll of enchant armour for 172 gold pieces
 51536 | Vaults:4 | Identified the +4 glaive "Juadeung" {protect, ^Fragile rC+
                  | rCorr}
 51541 | Vaults:5 | Entered Level 5 of the Vaults
 51556 | Vaults:5 | Reached skill level 1 in Spellcasting
 51583 | Vaults:5 | Identified the +7 great sword of Sun Ymyn {speed, Stlth+}
 51593 | Vaults:5 | Noticed Boris
 51598 | Vaults:5 | Killed Boris
 51738 | Vaults:5 | Reached skill level 5 in Translocations
 51784 | Vaults:5 | Received a gift from Okawaru
 51792 | Vaults:5 | Reached XP level 26. HP: 265/265 MP: 32/32
 51955 | Vaults:5 | Identified the orb of the Tormentor {light, -Cast Rampage
                  | Will+ Str+2}
 51955 | Vaults:5 | Noticed Frederick
 51962 | Vaults:5 | Killed Frederick
 52084 | Vaults:5 | Identified the ring of Xumor {rC+ rN+ rCorr MP+9 Dex+3}
 52258 | Vaults:5 | Received a gift from Okawaru
 52464 | Vaults:5 | Identified the +0 plate armour of Vigon {rElec rF+ Int+3}
 52620 | Vaults:3 | Bought a scroll of enchant armour for 172 gold pieces
 52783 | Vaults:5 | Got the Enchiridion on Anthracomancy
 53265 | Depths:1 | Bought a manual of Armour for 1680 gold pieces
 53543 | Vaults:5 | Received a gift from Okawaru
 53684 | Vaults:5 | Found Utaamoull's Distillery.
 53689 | Vaults:5 | Bought a potion of mutation for 136 gold pieces
 53689 | Vaults:5 | Lost mutation: Your health recovers twice as slowly from
                  | being drained. [potion of mutation]
 53689 | Vaults:5 | Gained mutation: Your flesh is heat resistant. (rF+)
                  | [potion of mutation]
 53689 | Vaults:5 | Gained mutation: You are partially covered in iridescent
                  | scales. (AC +2) [potion of mutation]
 53689 | Vaults:5 | Gained mutation: Your body sometimes deteriorates upon
                  | taking damage. [potion of mutation]
 53720 | Vaults:5 | Found Ixkada's Distillery.
 53724 | Vaults:5 | Found Qurep's Magic Scroll Shoppe.
 53725 | Vaults:5 | Bought 2 potions of haste for 280 gold pieces
 53725 | Vaults:5 | Bought a potion of heal wounds for 70 gold pieces
 53725 | Vaults:5 | Bought 2 potions of ambrosia for 224 gold pieces
 53803 | Vaults:5 | Found Doajutz's Distillery.
 53803 | Vaults:5 | Found Icatialorph's Magic Scroll Shop.
 53825 | Vaults:5 | Got a silver rune of Zot
 53832 | Vaults:5 | Found Jaopniw's Distillery.
 54261 | Zot:1    | Entered Level 1 of the Realm of Zot
 54426 | Zot:1    | Identified the ring "Qyzoahy" {Ice Str+4 Int+3}
 54426 | Zot:1    | Noticed Josephina
 54447 | Zot:1    | Killed Josephina
 54743 | Zot:1    | Reached skill level 10 in Armour
 54933 | Zot:1    | Received a gift from Okawaru
 55812 | Zot:2    | Identified the +6 great mace of the Hammering Asp {heavy,
                  | rF+ Str+7 Int-5}
 55817 | Zot:1    | Received a gift from Okawaru
 55966 | Zot:1    | Reached XP level 27. HP: 168/276 MP: 32/32
 56769 | Zot:1    | Upgraded the game from 0.31-a0-1616-gbeaec30b81 to
                  | 0.31-a0-1620-gcbf77bbcfc
 57111 | Zot:3    | Received a gift from Okawaru
 58004 | Zot:4    | Received a gift from Okawaru
 58787 | Zot:5    | Entered Level 5 of the Realm of Zot
 58788 | Zot:5    | Noticed a dread lich
 58875 | Zot:5    | Reached skill level 15 in Armour
 59269 | Zot:5    | Noticed an orb of fire
 59274 | Zot:5    | Gained mutation: You are clumsy. (Dex -2) [an orb of fire]
 59276 | Zot:5    | Killed an orb of fire
 59284 | Zot:5    | Received a gift from Okawaru
 59293 | Zot:5    | Noticed an orb of fire
 59299 | Zot:5    | Killed an orb of fire
 59360 | Zot:5    | Noticed an orb of fire
 59362 | Zot:5    | Killed an orb of fire
 59362 | Zot:5    | Received a gift from Okawaru
 59562 | Zot:5    | Noticed an orb of fire
 59565 | Zot:5    | Killed an orb of fire
 59614 | Zot:5    | Got the Orb of Zot
 59667 | Zot:5    | Noticed an orb of fire
 59669 | Zot:5    | Killed an orb of fire
 59669 | Zot:5    | Received a gift from Okawaru
 59683 | Zot:5    | Noticed Boris
 59688 | Zot:5    | Killed Boris
 59839 | Zot:4    | Noticed Ygiubimn the pandemonium lord
 59844 | Zot:4    | Killed Ygiubimn the pandemonium lord
 60255 | D:6      | Noticed Venisere the pandemonium lord
 60265 | D:6      | Killed Venisere the pandemonium lord
 60298 | D:4      | Noticed Puihywar the pandemonium lord
 60309 | D:4      | Killed Puihywar the pandemonium lord
 60374 | D:$      | Escaped with the Orb!

Illustrated notes

Levels and vault maps discovered:
D:1:      amcnicky_arrival_gap_in_the_tavern_cellar, layout_basic
D:2:      layout_basic, ebering_ecumenical_altar_mist, minmay_misc_feat_roman,
          nicolae_hexahallways, minmay_misc_feat_more_columns,
          lemuel_flame_loot_1
D:3:      layout_basic, serial_shops, nicolae_shop_hallway_stairs,
          minmay_joined_circles
D:4:      layout_loops_ring, chequers_serial_rivers_micro_b,
          nicolae_stop_n_shop_2
D:5:      layout_cave_pods, cheibrodos_ashenzari_chains
D:6:      black_bear_nest_1, layout_gridville
D:7:      layout_cave_pools, regret_index_xom_buried_treasure,
          minmay_temple_entry_drinking_statues
D:8:      layout_cave_pools, kennysheep_mini, minmay_misc_feat_nine_boxes,
          uniq_maurice
D:9:      layout_roguey [special_room_orc], uniq_joseph, uniq_pikel, uniq_grum
D:10:     gammafunk_sealed_arena, layout_loops_ring, david_orc_3
D:11:     layout_rooms, hellmonk_lair_entry_icy
D:12:     layout_cave_pools, gammafunk_ghost_mausoleum,
          serial_library_hellmonk_h_bend, nicolae_underground_beach
D:13:     layout_roguey, gammafunk_ghost_nasty_kobolds
D:14:     layout_rooms, david_vaults_1, nicolae_ru_the_path_less_chosen,
          hangedman_abyss_or_decor_passed, yredelemnul_forgotten_temple_becter
D:15:     gammafunk_enter_depths_forms, layout_loops_ring,
          minmay_misc_feat_tower, nicolae_dithmenos_the_darkroom
Temple:   hellmonk_temple_of_storms
Lair:1:   layout_cellular_growth, cheibrodos_lair_caveside_slide, st_stairs_5,
          dreamdust_deal_with_the_devil
Lair:2:   layout_gridlike, swamp_mist, special_room [special_room_bee],
          serial_bayou_ford_a, grunt_megastairs_3, infiniplex_staircase_pool_2
Lair:3:   gammafunk_cloud_chamber, layout_regular_city, dummy_snake_entry,
          gauntlet_entry_generic, kennysheep_rathole
Lair:4:   layout_misc_corridors, cheibrodos_lair_reptile_den
Lair:5:   evil_forest, layout_small_grid, slime_entry_1, grunt_megastairs_2
Swamp:1:  layout_falls_marsh, portal_ice_cave_entry_pillars_1,
          hangedman_swamp_ruin_wall, uniq_mlioglotl, uniq_jorgrun, uniq_nikola
Swamp:2:  layout_basic_swamp, evilmike_swamp_ruin_rubble_1
Swamp:3:  layout_basic_swamp, hangedman_swamp_ruin_hall
Swamp:4:  swamp_alternative, layout_basic_swamp, swamp_pool_1_2,
          grunt_lady_of_the_lake
Snake:1:  layout_basic, uniq_louise, uniq_rupert
Snake:2:  layout_grid_shapes, hellmonk_ghost_happy_afterlife,
          nicolae_snake_springs, uniq_vashnia
Snake:3:  layout_misc_corridors, minmay_shop_mass, lemuel_oklob_altar,
          uniq_agnes
Snake:4:  snake_hunt, layout_cave_town, st_stairs_14, serial_bayou_shore_b,
          minmay_shop_star, uniq_mara, uniq_aizul, uniq_asterion
Slime:1:  cheibrodos_slime_lost_civilization_10, layout_caves
Slime:2:  layout_caves
Slime:3:  layout_caves, nicolae_slime_crime_time
Slime:4:  layout_caves, dissolution_awaits
Slime:5:  slime_pit_nicolae_block_by_block
Orc:1:    dreamdust_dug_too_deep, layout_diamond_mine, uniq_urug
Orc:2:    st_orc_ogre_mass, layout_caves, nicolae_volcano_entry_hallway
Elf:1:    elf_arrival_001, layout_loops_cross, serial_shops,
          nicolae_book_shop_shelving, evilmike_minifort, roderic_roman_lattice,
          uniq_azrael, uniq_roxanne
Elf:2:    nicolae_elf_blades_crystal_corner, layout_gridlike,
          portal_desolation_entry_garden
Elf:3:    minmay_elf_hall_not_hex, layout_geoelf_octagon, serial_glass,
          glass_columns_b, glass_columns_b, glass_columns_a, glass_columns_b,
          glass_columns_a, glass_columns_b, glass_columns_b, glass_columns_a,
          glass_columns_a, glass_columns_b, glass_columns_c, glass_columns_a,
          glass_columns_a, glass_columns_a, basic_altar
Vaults:1: nicolae_vaults_swerve, v_misc_4, v_pattern_1,
          nicolae_vaults_heart-shaped_vault, hangedman_vaults_nodes,
          nicolae_vaults_lightning_bolt, nicolae_vaults_wine_cellar,
          vaults_dpeg_ring, nicolae_vaults_tetromino_Z_1,
          layout_vaults_big_room, serial_shops, nicolae_shop_drivethru,
          uniq_saint_roka, uniq_donald
Vaults:2: nicolae_vaults_trapezoid_3, vaults_standard_mumra_x,
          nicolae_vaults_theta, nicolae_vaults_tetromino_T_1, v_misc_23,
          hangedman_vaults_pinch, vaults_room_hangedman_quadrants, v_rooms_3,
          ontoclasm_vaults_eye, v_misc_5, hangedman_vaults_nails,
          layout_vaults_maze_bifur, uniq_bai_suzhen
Vaults:3: nicolae_vaults_stairing_the_circle, v_alt_pattern_1,
          minmay_crypt_entry_skeletal_spiral, nicolae_vaults_network_barrier,
          minmay_orc_keep, nicolae_vaults_trapezoid_1,
          nicolae_vaults_tetromino_Z_2, nicolae_vaults_two_Ls, st_cross,
          nicolae_vaults_tetromino_T_1, vaults_dpeg_emergency_exit,
          layout_vaults_omnicross, serial_shops, shop, shop, shop, shop
Vaults:4: nicolae_vaults_house_2, dpeg_vaults_monster_box,
          nicolae_vaults_closet_pinwheel_5,
          nicolae_vaults_taking_the_gang_shopping, nicolae_vaults_network_s,
          nicolae_vaults_tetromino_L_1, nicolae_vaults_surprise_closet_hard,
          nicolae_vaults_sealed_display, nicolae_vaults_closet_pinwheel_2,
          v_misc_16, nicolae_vaults_trapezoid_4, layout_vaults_omnibox,
          serial_shops, bzr_firewalk, nicolae_shop_bloodbath_and_beyond
Vaults:5: serial_shops, uniq_frederick, uniq_boris
Crypt:1:  layout_regular_city, mu_enter_wizlab_3, minmay_misc_feat_five,
          uniq_mennas
Crypt:2:  layout_misc_corridors, grunt_megastairs_4
Crypt:3:  grunt_crypt_end_deaths_head
Depths:1: layout_honeycomb, abyss_entry, serial_shops,
          nicolae_shop_behind_doors, grunt_hell_entry_dis_old,
          nicolae_kikubaaqudgha_miasma_corner, grunt_ministairs_4,
          water_boxes_lemuel, minmay_shop_grove
Depths:2: hangedman_six_sided_sadism, layout_gridlike, hangedman_coc_ice_floe,
          serial_shops, bzr_in_the_mist, shop, shop, shop, pan_entry,
          minmay_staircase_statues, uniq_norris
Depths:3: minmay_quantized_circle, layout_basic, enter_ziggurat_c, abyss_entry,
          hell_entry, minislime_mu, uniq_vv
Depths:4: lemuel_castle_with_subvaults [lemuel_castle_interior_original],
          layout_cave_pools, chequers_serial_rivers_room_a,
          nicolae_trove_entry_path_of_doom, serial_shops, shop, shop,
          nicolae_shop_tiny_statue_garden, shop, pf_hell_entry_great_geh
Zot:1:    lemuel_halls_of_wrath, layout_twisted_circle,
          regret_index_zotdec_carving_tricks, regret_index_zotdec_dark_gr,
          uniq_josephina
Zot:2:    layout_misc_corridors, regret_index_zotdec_glowing_original
Zot:3:    layout_misc_corridors
Zot:4:    lemuel_firehouse, layout_onion
Zot:5:    layout_twisted_circle

Skill      XL: |  1  2  3  4  5  6  7  8  9 10 11 12 13 14 15 16 17 18 19 20 21 22 23 24 25 26 27 |
---------------+----------------------------------------------------------------------------------+-----
Unarmed Combat | 3 4 6 7 8 9 10 11 12 13 14 15 16 17 18 19 20 21 23 | 23.0
Shapeshifting  | 1 3 5 11 16 17 18 19 20 | 20.2
Shields        | 3 4 6 7 8 9 10 11 12 13 14 15 16 17 | 17.0
Fighting       | 3 4 5 6 7 8 9 10 11 12 13 14 15 16 18 | 18.9
Dodging        | 3 4 5 6 7 8 9 10 11 12 | 12.4
Throwing       | 1 3 4 5 6 8 9 10 11 12 13 15 16 17 20 | 20.4
Invocations    | 4 6 7 8 9 10 11 12 14 | 14.0
Evocations     | 2 3 |  3.0
Armour         | 5 13 16 | 16.2
Stealth        | 2 |  2.0
Translocations | 5 |  5.0
Spellcasting   | 1 |  1.0

Action                     |  1- 3 |  4- 6 |  7- 9 | 10-12 | 13-15 | 16-18 | 19-21 | 22-24 | 25-27 || total
---------------------------+-------+-------+-------+-------+-------+-------+-------+-------+-------++-------
  Melee: Unarmed           |    84 |   172 |   270 |   682 |  1036 |  1094 |  1258 |  1334 |  1616 ||  7546
         Spear             |       |     4 |       |       |       |       |       |       |       ||     4
  Throw: Javelin           |       |       |     4 |    22 |    69 |   108 |    87 |    22 |    64 ||   376
         Dart              |       |       |       |     2 |       |     1 |       |       |     4 ||     7
         Large rock        |       |       |       |     2 |     9 |    14 |    20 |       |    90 ||   135
         Boomerang         |       |       |       |       |   117 |   330 |   135 |    49 |    41 ||   672
   Cast: Apportation       |       |       |       |       |       |       |       |       |     3 ||     3
 Invoke: Heroism           |       |       |       |     6 |    11 |    16 |    11 |     8 |    12 ||    64
         Finesse           |       |       |       |       |     1 |     4 |     4 |     3 |     3 ||    15
         Receive Armour    |       |       |       |       |     1 |       |       |       |       ||     1
         Duel              |       |       |       |       |       |     4 |     1 |     1 |       ||     6
Ability: Begin Untransform |       |       |       |       |     1 |       |     1 |       |     2 ||     4
  Evoke: Wand              |       |       |     7 |     2 |       |     2 |       |     2 |     2 ||    15
         Condenser vane    |       |       |       |     1 |       |     2 |     1 |       |       ||     4
         Phial of floods   |       |       |       |       |       |     1 |       |       |       ||     1
    Use: Potion            |     1 |     1 |       |       |     1 |     8 |     4 |     1 |     3 ||    19
         Scroll            |       |       |    10 |     8 |     6 |    16 |     2 |    11 |     8 ||    61
   Stab: Confused          |       |       |       |     1 |       |       |       |       |       ||     1
         Distracted        |       |       |       |       |       |       |       |     5 |       ||     5
         Sleeping          |       |       |       |       |       |       |       |     5 |     1 ||     6
 Armour: Robe              |    41 |    86 |   190 |   389 |       |       |       |       |       ||   706
         Skin              |       |     2 |     2 |       |       |       |   237 |   875 |   279 ||  1395
         Steam dragon scal |       |       |       |    23 |    81 |       |       |       |       ||   104
         Swamp dragon scal |       |       |       |       |   601 |   771 |   412 |       |       ||  1784
         Gold dragon scale |       |       |       |       |       |       |       |       |   533 ||   533
  Dodge: Dodged            |    21 |    66 |    95 |   193 |   405 |   420 |   429 |   561 |   320 ||  2510
  Block: Kite shield       |    16 |    65 |   122 |   317 |   518 |   331 |   686 |   552 |       ||  2607
         Tower shield      |       |       |       |       |       |   841 |   172 |   708 |  1875 ||  3596
         Reflection        |       |       |       |       |       |       |       |       |    63 ||    63
   Form: Beast             |     1 |       |       |       |       |       |       |       |       ||     1
         Serpent           |       |       |       |       |       |       |     2 |       |       ||     2
         Statue            |       |       |       |       |       |       |     1 |     2 |     1 ||     4
                           |       |       |       |       |       |       |     1 |     2 |       ||     3
         Dragon            |       |       |       |       |       |       |     1 |       |       ||     1

Table legend: (Time is in decaauts)
 A = Elapsed time spent in this place.
 B = Non-inter-level travel time spent in this place.
 C = Inter-level travel time spent in this place.
 D = Time resting spent in this place.
 E = Time spent auto-exploring this place.
 F = Levels seen in this place.
 G = Mean time per level.
                   A        B        C        D        E       F      G
               +--------+--------+--------+--------+--------+-----+--------+
         Total |  66488 |  59612 |   6876 |   2534 |  38861 |  68 |  977.8 |
       Dungeon |  13775 |  11480 |   2295 |    126 |   8134 |  15 |  918.3 |
        Temple |     10 |     10 |      0 |      0 |      0 |   1 |   10.0 |
          Lair |   6276 |   5515 |    761 |    284 |   3785 |   5 | 1255.2 |
         Swamp |   3159 |   3029 |    130 |    229 |   1972 |   4 |  789.8 |
     Snake Pit |   4189 |   4067 |    122 |    303 |   2325 |   4 | 1047.2 |
    Slime Pits |   4132 |   4043 |     89 |     70 |   2818 |   5 |  826.4 |
  Orcish Mines |   1573 |   1368 |    205 |     22 |    905 |   2 |  786.5 |
   Elven Halls |   3885 |   3633 |    252 |    380 |   2205 |   3 | 1295.0 |
        Vaults |   9599 |   7810 |   1789 |     71 |   5228 |   5 | 1919.8 |
         Crypt |   4308 |   4142 |    166 |    161 |   2819 |   3 | 1436.0 |
        Depths |   8275 |   7472 |    803 |    143 |   5256 |   4 | 2068.8 |
           Zot |   5393 |   5134 |    259 |    492 |   2905 |   5 | 1078.6 |
        Bazaar |    133 |    133 |      0 |      0 |     69 |   2 |   66.5 |
      Ice Cave |    378 |    378 |      0 |    132 |     64 |   1 |  378.0 |
       Volcano |    429 |    429 |      0 |     47 |     66 |   1 |  429.0 |
        Wizlab |    365 |    365 |      0 |      0 |    157 |   1 |  365.0 |
      Gauntlet |    473 |    473 |      0 |     23 |    151 |   1 |  473.0 |
         Arena |    127 |    127 |      0 |     48 |      0 |   6 |   21.2 |
               +--------+--------+--------+--------+--------+-----+--------+

Top non-repeatable levels by time:
Vaults:1: 2376 daAuts
Depths:1: 2171 daAuts
Depths:3: 2136 daAuts
Vaults:3: 2107 daAuts
Depths:2: 2029 daAuts
Vaults:5: 1987 daAuts
Depths:4: 1937 daAuts
 Slime:5: 1832 daAuts
   Zot:1: 1799 daAuts
Vaults:2: 1774 daAuts
 Crypt:3: 1678 daAuts
   Elf:1: 1637 daAuts
  Lair:3: 1473 daAuts
Vaults:4: 1353 daAuts
    D:14: 1335 daAuts
